 Dungeon Crawl Stone Soup version 0.29-a0-330-g52719c12eb (webtiles) character file.

Game seed: 6560292784193574360

2667 kae the Arsonist (level 9, -7/62 HPs)
             Began as a Demigod Fire Elementalist on Apr 23, 2022.
             Mangled by a six-headed hydra (13 damage)
             ... on level 7 of the Dungeon.
             The game lasted 00:08:19 (8773 turns).

kae the Arsonist (Demigod Fire Elementalist)        Turns: 8773, Time: 00:08:19

Health: -7/62      AC:  5    Str:  9    XL:     9   Next: 14%
Magic:  11/21      EV: 12    Int: 29    God:
Gold:   390        SH:  0    Dex: 14    Spells: 6/19 levels left

rFire   + . .      SeeInvis .   r - +4 trident (freeze)
rCold   . . .      Faith    .   (no shield)
rNeg    . . .      Spirit   .   s - +2 robe {rF+}
rPois   +          Reflect  .   i - +0 helmet
rElec   .          Harm     .   (no cloak)
rCorr   .          Rampage  .   (no gloves)
Will    .....                   (no boots)
Stlth   ++........              h - amulet of magic regeneration
HPRegen 0.20/turn               p - ring of poison resistance
MPRegen 0.57/turn               (no ring)

@: no status effects
A: high MP 1, forlorn, divine attributes
a: no special abilities


You were on level 7 of the Dungeon.
You visited 1 branch of the dungeon, and saw 7 of its levels.
You also visited: Sewer.

You collected 390 gold pieces.

Inventory:

Hand Weapons
 k - a +0 short sword of flaming
 r - a +4 trident of freezing (weapon)
Armour
 a - a +0 robe
 i - a +0 helmet (worn)
 s - a +2 robe of fire resistance (worn)
Jewellery
 h - an amulet of magic regeneration (around neck)
 p - a ring of poison resistance (left hand)
Wands
 y - a wand of polymorph (11)
 B - a wand of iceblast (12)
Scrolls
 f - 2 scrolls of enchant weapon
 l - a scroll of amnesia
 n - a scroll of immolation {unknown}
 o - 2 scrolls of teleportation
 q - a scroll of fog {unknown}
 t - 3 scrolls of magic mapping
 u - a scroll of holy word
 z - a scroll of silence
 A - 3 scrolls of blinking
Potions
 b - a potion of magic
 c - 2 potions of mutation
 d - a potion of invisibility
 e - 4 potions of flight
 g - 2 potions of brilliance
 j - a potion of ambrosia {unknown}
 m - 3 potions of curing
 v - 4 potions of heal wounds
 w - 3 potions of degeneration {unknown}
 x - 2 potions of attraction {unknown}


   Skills:
 - Level 1.7 Dodging
 - Level 1.7 Stealth
 + Level 5.6 Spellcasting
 + Level 5.9 Conjurations
 + Level 8.7 Fire Magic


You had 6 spell levels left.
You knew the following spells:

 Your Spells              Type           Power      Damage    Failure   Level
a - Foxfire               Conj/Fire      100%       2x1d9     1%          1
b - Scorch                Fire           100%       2d10      1%          2
c - Conjure Flame         Conj/Fire      50%        6-21      1%          3
d - Inner Flame           Hex/Fire       33%        N/A       3%          3
e - Flame Wave            Conj/Fire      50%        2d10      2%          4

Your spell library contained the following spells:

 Spells                   Type           Power      Damage    Failure   Level
 Magic Dart               Conj           100%       1d8       1%          1
 Searing Ray              Conj           84%        2d7       1%          2
 Static Discharge         Conj/Air       25%        N/A       2%          2
 Beastly Appendage        Tmut           16%        N/A       6%          1
 Mephitic Cloud           Conj/Pois/Air  19%        N/A       8%          3
 Call Imp                 Summ           8%         N/A       9%          2
 Wereblood                Tmut           8%         N/A       9%          2
 Spider Form              Tmut/Pois      8%         N/A       17%         3
 Fulminant Prism          Conj/Hex       12%        3d9       17%         4
 Lightning Bolt           Conj/Air       12%        1d26      43%         5
 Maxwell's Capacitive Co  Air            4%         ∞         100%        8


Dungeon Overview and Level Annotations

Branches:
Dungeon (7/15)              Sewer (visited)
 Temple: D:4-7

Annotations:
D:3 Ijyb
D:4 3 runed translucent doors, robertstho's ghost, amateur DEFE


Innate Abilities, Weirdness & Mutations

You have an increased reservoir of magic. (+10% MP)
You shall have no god before yourself.
Your divine heritage dramatically boosts your attributes as you level up.


Message History

A six-headed hydra is nearby!
A six-headed hydra is nearby!
A six-headed hydra is nearby!
The six-headed hydra roars!
Casting: Foxfire (safe; 1% risk of failure)
Confirm with . or Enter, or press ? or * to list all spells.
The fire begins to smoulder!
The fire ignites!
Casting: Conjure Flame (safe; 1% risk of failure)
Confirm with . or Enter, or press ? or * to list all spells.
Casting: Flame Wave (dangerous; 2% risk of failure)
Press: ? - help, Dir - look around, f - activate A wave of flame ripples out! (Press . to intensify the flame waves.)
A wave of flame ripples out!
The flame wave engulfs the six-headed hydra!
The six-headed hydra is lightly wounded.
A wave of flame ripples out!
The flame wave engulfs the six-headed hydra.
The six-headed hydra is lightly wounded.
You finish channelling waves of flame.
The six-headed hydra is engulfed in blazing flames.
The six-headed hydra bites you! x2
The six-headed hydra bites you but does no damage.
The six-headed hydra bites you. x2; The six-headed hydra bites you!
Casting: Flame Wave (dangerous; 2% risk of failure)
Confirm with . or Enter, or press ? or * to list all spells.
Casting: Flame Wave (dangerous; 2% risk of failure)
Press: ? - help, Dir - look around, f - activate A wave of flame ripples out!
The flame wave engulfs the six-headed hydra!
The six-headed hydra is heavily wounded. (Press . to intensify the flame waves.)
The six-headed hydra is engulfed in blazing flames.
The six-headed hydra misses you. The six-headed hydra bites you.
* * * LOW HITPOINT WARNING * * *
The six-headed hydra bites you!
* * * LOW HITPOINT WARNING * * *
The six-headed hydra bites you!
You die...

#########
#.!...D@# ##
#######.# .##
#.......# #.##
#.####### ##.##
#.......# ##.##
###.#####
##.#####.#.#
##.....##.#.###
##.###..##.....#


You could see a six-headed hydra.

Vanquished Creatures
  Grinder (D:3)
  A wyvern (D:7)
  A water moccasin (D:5)
  2 ice beasts (D:6)
  2 centaurs
  A black bear (D:6)
  2 kobold brigands (Sewer)
  A gnoll sergeant (D:7)
  7 scorpions
  2 howler monkeys
  6 orc priests
  4 hounds
  2 jellies (D:6)
  2 gnoll shamans
  Jessica (D:2)
  3 iguanas (D:6)
  Terence (D:2)
  4 orc wizards
  12 gnolls
  15 adders
  3 river rats (Sewer)
  A shadow imp (D:7)
  2 ufetubi
  4 worms
  A dart slug (D:5)
  33 orcs
  4 endoplasms
  10 giant cockroaches
  5 hobgoblins
  7 jackals
  6 quokkas
  5 ball pythons
  13 bats
  3 frilled lizards
  7 goblins
  11 kobolds
  5 rats
190 creatures vanquished.

Vanquished Creatures (others)
  431 foxfires
  7 fungi (D:4)
  3 plants (D:4)
441 creatures vanquished.

Grand Total: 631 creatures vanquished

Notes
Turn   | Place    | Note
-------+----------+-------------------------------------------
     0 | D:1      | kae the Demigod Fire Elementalist began the quest for the
                  | Orb.
     0 | D:1      | Reached XP level 1. HP: 14/14 MP: 5/5
    96 | D:1      | Reached skill level 1 in Conjurations
   323 | D:1      | Reached skill level 3 in Fire Magic
   497 | D:1      | Reached XP level 2. HP: 8/20 MP: 0/7
  1182 | D:1      | Learned a level 2 spell: Scorch
  1364 | D:2      | You fall into a shaft and drop 1 floor!
  1498 | D:2      | Reached XP level 3. HP: 20/26 MP: 4/8
  1862 | D:2      | Noticed Terence
  2199 | D:2      | Learned a level 3 spell: Conjure Flame
  2478 | D:2      | Killed Terence
  2479 | D:2      | Reached skill level 4 in Fire Magic
  2479 | D:2      | Reached XP level 4. HP: 16/33 MP: 5/10
  2847 | D:2      | Noticed Jessica
  2861 | D:2      | Killed Jessica
  3496 | D:3      | Noticed Grinder
  3587 | D:3      | Paralysed by Grinder for 5 turns
  3595 | D:3      | Killed Grinder
  3596 | D:3      | Reached skill level 5 in Fire Magic
  3596 | D:3      | Reached XP level 5. HP: 38/38 MP: 4/12
  3596 | D:3      | Reached XP level 6. HP: 45/45 MP: 4/13
  3761 | D:3      | Noticed Ijyb
  3859 | D:4      | Noticed robertstho's ghost (amateur DEFE)
  3932 | D:4      | Found a runed translucent gate.
  3936 | D:4      | Found a runed translucent gate.
  3937 | D:4      | Found a runed translucent gate.
  4238 | D:4      | Learned a level 3 spell: Inner Flame
  4352 | D:4      | Reached XP level 7. HP: 48/50 MP: 12/15
  4371 | D:4      | Reached skill level 6 in Fire Magic
  5295 | D:5      | Entered Level 5 of the Dungeon
  5888 | D:5      | Reached XP level 8. HP: 57/57 MP: 17/17
  5893 | D:5      | Learned a level 4 spell: Flame Wave
  5917 | D:5      | Reached skill level 7 in Fire Magic
  6586 | D:6      | Found a glowing drain.
  6600 | Sewer    | Entered a sewer
  6704 | Sewer    | Reached skill level 5 in Conjurations
  6964 | D:6      | Reached skill level 5 in Spellcasting
  6964 | D:6      | Reached skill level 8 in Fire Magic
  8037 | D:7      | Reached XP level 9. HP: 62/62 MP: 12/20
  8766 | D:7      | Noticed a six-headed hydra
  8773 | D:7      | Mangled by a six-headed hydra

Illustrated notes

Levels and vault maps discovered:
D:1:      dpeg_arrival_rooms_b, layout_loops_ring, minmay_hexomino_p4
D:2:      layout_loops_ring, hellmonk_ecumenical_altar_leap_of_faith,
          minmay_pentomino_pile, uniq_jessica, uniq_terence
D:3:      layout_loops_corners, uniq_ijyb, uniq_grinder
D:4:      old_forge, layout_basic, cheibriados_altar_1, gammafunk_ghost_icy
D:5:      layout_basic
D:6:      layout_basic, okawaru_trees_1, gup_sewer_entry_pipe
D:7:      layout_loops_cross, mainiacjoe_overflow_big_doors,
          minmay_temple_entry_mini_moons, wad_mini_maze

Skill      XL: |  1  2  3  4  5  6  7  8 |
---------------+-------------------------+-----
Conjurations   | 1 2 3 4 5 |  5.9
Fire Magic     | 3 4 5 6 8 |  8.7
Spellcasting   | 2 3 4 5 |  5.6
Dodging        | |  1.7
Stealth        | |  1.7

Action                   |  1- 3 |  4- 6 |  7- 9 || total
-------------------------+-------+-------+-------++-------
Melee: Unarmed           |     1 |       |       ||     1
       Trident           |       |     6 |    21 ||    27
 Cast: Foxfire           |    78 |    64 |   137 ||   279
       Scorch            |    20 |    20 |    62 ||   102
       Conjure Flame     |     1 |     3 |     2 ||     6
       Flame Wave        |       |       |     7 ||     7
  Use: Scroll            |       |     2 |    13 ||    15
 Stab: Held in net/web   |       |       |     1 ||     1
       Sleeping          |       |       |     1 ||     1
Armor: Robe              |    11 |     8 |    27 ||    46
       Skin              |       |    10 |       ||    10
Dodge: Dodged            |    46 |    10 |    96 ||   152

Table legend: (Time is in decaauts)
 A = Elapsed time spent in this place.
 B = Non-inter-level travel time spent in this place.
 C = Inter-level travel time spent in this place.
 D = Time resting spent in this place.
 E = Time spent auto-exploring this place.
 F = Levels seen in this place.
 G = Mean time per level.
                   A        B        C        D        E       F      G
               +--------+--------+--------+--------+--------+-----+--------+
         Total |   8834 |   8569 |    265 |    911 |   6163 |   8 | 1104.2 |
       Dungeon |   8548 |   8283 |    265 |    911 |   5972 |   7 | 1221.1 |
         Sewer |    285 |    285 |      0 |      0 |    191 |   1 |  285.0 |
               +--------+--------+--------+--------+--------+-----+--------+

Top non-repeatable levels by time:
     D:1: 1603 daAuts
     D:4: 1533 daAuts
     D:6: 1435 daAuts
     D:2: 1364 daAuts
     D:5: 989 daAuts
     D:3: 869 daAuts
     D:7: 751 daAuts
   Sewer: 285 daAuts
